 Dungeon Crawl Stone Soup version 0.17.0-9-g801d43b (webtiles) character file.

14515 HungrySpirit the Grappler (level 11, -4/118 HPs)
             Began as a Black Draconian Transmuter on Nov 9, 2015.
             Was an Elder of Qazlal.
             Killed from afar by an orc sorcerer (27 damage)
             ... with a bolt of fire
             ... while paralysed by an orc sorcerer
             ... on level 2 of the Orcish Mines.
             The game lasted 00:32:09 (17756 turns).

HungrySpirit the Grappler (DrTm)                   Turns: 17756, Time: 00:32:09

Health: -4/118     AC:  6    Str: 15    XL:     11   Next: 89%
Magic:  13/16      EV:  1    Int: 13    God:    Qazlal [****..]
Gold:   1501       SH:  0    Dex: 13    Spells: 4 memorised, 8 levels left

rFire  x . .     SeeInvis .       - Unarmed
rCold  + + +     Clarity  .     (armour unavailable)
rNeg   . . .     SustAt   .     (shield currently unavailable)
rPois  +         Gourm    .     (helmet currently unavailable)
rElec  .         Spirit   .     (cloak currently unavailable)
rCorr  .         Warding  .     (gloves currently unavailable)
rMut   .         Stasis   .     (boots currently unavailable)
MR     .....                    (no amulet)
Stlth  +.........               (no ring)
                                u - ring of invisibility

@: paralysed, ice-form, repel missiles, drained, not resistant to hostile
enchantments, very unstealthy
A: (breathe lightning), unfitting armour, (stinger 0), low mp 1, (electricity
resistance), (cold-blooded), AC +7
a: End Transformation, Upheaval, Elemental Force, Renounce Religion, Evoke
Invisibility


You were on level 2 of the Orcish Mines.
You worshipped Qazlal.
Qazlal was greatly pleased with you.
You were not hungry.
You were a creature of crystalline ice.
You visited 2 branches of the dungeon, and saw 12 of its levels.
You also visited: Sewer.

You collected 1501 gold pieces.

Inventory:

Missiles
 a - 86 arrows
Armour
 p - a +0 hat (melded)
Jewellery
 d - an uncursed amulet of stasis
 u - a ring of invisibility (left front paw)
Wands
 m - a wand of fireball (12)
 v - a wand of digging (15)
 y - a wand of confusion (11)
 C - a wand of lightning (4)
 E - a wand of flame (31)
Scrolls
 e - 4 scrolls of noise
 g - 5 scrolls of identify
 h - 3 scrolls of recharging
 j - 11 scrolls of remove curse
 k - a scroll of enchant armour
 q - 2 scrolls of teleportation
 r - 2 scrolls of fear
 x - a scroll of random uselessness {unknown}
 A - a scroll of magic mapping {unknown}
Potions
 f - a potion of lignification
 n - 3 potions of brilliance
 s - 2 potions of haste
 w - a potion of curing
 z - 2 potions of flight
Books
 b - a book of Changes

   Spells                             Type                      Level
   a - Beastly Appendage              Transmutation                1
   b - Sticks to Snakes               Transmutation                2
   c - Spider Form                    Transmutation/Poison         3
   d - Ice Form                       Ice/Transmutation            4
   e - Blade Hands                    Transmutation                5
 o - a book of Burglary

   Spells                             Type                      Level
   a - Swiftness                      Charms/Air                   2
   b - Passwall                       Transmutation/Earth          3
   c - Passage of Golubria            Translocation                4
   d - Lee's Rapid Deconstruction     Earth                        5
   e - Darkness                       Hexes                        6
   f - Invisibility                   Hexes                        6
 D - a Grand Grimoire

   Spells                             Type                      Level
   a - Monstrous Menagerie            Summoning                    6
   b - Summon Greater Demon           Summoning                    7
   c - Malign Gateway                 Summoning/Translocation      7
   d - Summon Horrible Things         Summoning                    8
Comestibles
 c - 9 bread rations
 l - 5 beef jerkies


   Skills:
 + Level 9.7(8.8) Fighting
 - Level 1.7(1.0) Dodging
 * Level 12.4(11.4) Unarmed Combat
 - Level 5.0(4.2) Spellcasting
 + Level 9.0(8.1) Transmutations
 - Level 5.1(4.3) Ice Magic
 + Level 5.0(4.2) Invocations


You had 8 spell levels left.
You knew the following spells:

 Your Spells              Type           Power        Failure   Level  Hunger
a - Beastly Appendage     Trmt           ###...       1%          1    None
b - Sticks to Snakes      Trmt           ###.......   1%          2    ##.....
c - Ice Form              Ice/Trmt       ###.....     17%         4    ####...
d - Blade Hands           Trmt           ###.......   21%         5    ######.


Dungeon Overview and Level Annotations

Branches:
Dungeon (10/15)            Temple (0/1) D:7            Lair (0/8) D:9
    Orc (2/4) D:9

Altars:
Ashenzari
Cheibriados
Dithmenos
Elyvilon
Fedhas
Gozag
Kikubaaqudgha
Nemelex Xobeh
Qazlal
Ru
Trog
Zin
The Shining One

Shops:
D:4 }   D:8 (


Innate Abilities, Weirdness & Mutations

((You can breathe wild blasts of lightning.))
((Your glossy black scales are hard (AC +7).))
Your body does not fit into most forms of armour.
((You are resistant to electric shocks.))
((You are cold-blooded and may be slowed by cold attacks.))
((Your tail ends in a poisonous barb.))
Your magical capacity is low (-10% MP).


Message History

The orc wizard hits you with a dagger.
An orc comes into view. It is wielding a short sword.
You hear a shout! x2
The orc wizard hits you with a dagger.
The orc wizard gestures at you while chanting.
Helpless, you fail to dodge the puff of flame.
The fire burns you terribly!
The orc priest calls down the wrath of Beogh upon you.
Something smites you!
* * * LOW HITPOINT WARNING * * *
The orc warrior hits you from afar with a trident.
* * * LOW HITPOINT WARNING * * *
An orc comes into view. It is wielding a club.
The orc wizard hits you with a dagger.
* * * LOW HITPOINT WARNING * * *
The orc sorcerer points at you and mumbles some strange words.
The bolt of fire hits the orc.
The orc dies!
The bolt of fire hits you! The fire burns you terribly!
You die...

.....
....o.#
.......##
........##
.........#
.......o.
.o....#§#
...o.ooo##
......)Y.#
#....o.§.#
...o.o#.##
.......##
...o..#
..o.$
..#.. .###


You could see an orc sorcerer, 3 orc warriors, an orc priest, 2 orc wizards and
5 orcs.

Vanquished Creatures
  Snorg (Orc:2)
  Erolcha (Orc:1)
  A death yak (D:9)
  Nergalle (Orc:1)
  2 unseen horrors (D:10)
  A centaur zombie (D:10)
  A troll (D:10)
  Grinder (D:3)
  2 hungry ghosts
  2 hippogriffs (D:10)
  13 yaks
  Menkaure (D:6)
  Edmund (D:5)
  2 sky beasts
  Duvessa (D:6)
  A water moccasin (D:7)
  2 eyes of draining (D:8)
  2 ice beasts
  A swamp drake (D:9)
  6 orc warriors
  3 centaurs
  8 ogres
  4 phantoms
  A crocodile (D:9)
  4 giant frogs
  2 big kobolds
  Dowan (D:6)
  2 scorpions
  19 killer bees
  2 giant frog zombies (D:7)
  A gnoll shaman (D:9)
  A centaur skeleton (D:7)
  15 orc priests
  4 crimson imps
  A giant frog skeleton (D:8)
  26 orc wizards
  3 hounds
  4 iguanas
  4 worker ants
  A quasit (D:10)
  2 sheep (D:9)
  A worker ant zombie (D:10)
  8 adders
  17 gnolls
  3 shadow imps (D:8)
  An adder zombie (D:7)
  2 worms
  9 giant geckos
  105 orcs
  5 ball pythons
  11 giant cockroaches
  10 goblins
  6 hobgoblins
  6 jackals
  4 quokkas
  7 bats
  13 giant newts
  2 jackal skeletons
  17 kobolds
  A quokka skeleton (D:6)
  11 rats
390 creatures vanquished.

Vanquished Creatures (collateral kills)
  Gastronok (D:7)
  Sigmund (D:6)
  2 yaks (D:8)
  An ogre (D:4)
  5 killer bees
10 creatures vanquished.

Vanquished Creatures (others)
  2 orcs
2 creatures vanquished.

Grand Total: 402 creatures vanquished

Notes
Turn   | Place    | Note
--------------------------------------------------------------
     0 | D:1      | HungrySpirit the Draconian Transmuter began the quest for the Orb.
     0 | D:1      | Reached XP level 1. HP: 16/16 MP: 3/3
   515 | D:1      | Reached XP level 2. HP: 20/23 MP: 3/5
   966 | D:1      | Reached XP level 3. HP: 28/28 MP: 6/6
  1705 | D:2      | Reached skill level 4 in Unarmed Combat
  2003 | D:2      | Found an opulent altar of Gozag.
  2004 | D:2      | Found a glowing silver altar of Zin.
  2172 | D:2      | Reached XP level 4. HP: 21/36 MP: 7/7
  2383 | D:3      | Learned a level 2 spell: Sticks to Snakes
  2868 | D:3      | Found a glowing drain.
  2911 | Sewer    | Entered a sewer
  3685 | D:3      | Noticed Grinder
  3707 | D:3      | Paralysed by Grinder for 3 turns
  3738 | D:3      | Killed Grinder
  3738 | D:3      | Reached skill level 5 in Unarmed Combat
  3738 | D:3      | Reached XP level 5. HP: 31/45 MP: 0/9
  3738 | D:3      | Reached XP level 6. HP: 35/51 MP: 0/10
  3862 | D:3      | Found a sparkling altar of Nemelex Xobeh.
  4294 | D:4      | Found a stormy altar of Qazlal.
  4307 | D:4      | Became a worshipper of Qazlal Stormbringer
  4317 | D:4      | Found Zoaz's Gadget Shop.
  4781 | D:4      | Your scales start taking on a glossy black colour.
  4781 | D:4      | Gained mutation: You are resistant to electric shocks. [Black Draconian growth]
  4781 | D:4      | Reached XP level 7. HP: 24/58 MP: 12/12
  5389 | D:5      | Entered Level 5 of the Dungeon
  5395 | D:5      | Learned a level 4 spell: Ice Form
  5401 | D:5      | Learned a level 5 spell: Blade Hands
  5439 | D:5      | Noticed Edmund
  5458 | D:5      | Killed Edmund
  5458 | D:5      | Reached skill level 6 in Unarmed Combat
  5662 | D:5      | Found a bloodstained altar of Trog.
  6167 | D:5      | Found a white marble altar of Elyvilon.
  6167 | D:5      | Found a shattered altar of Ashenzari.
  6255 | D:5      | Reached * piety under Qazlal
  6329 | D:5      | Reached XP level 8. HP: 40/67 MP: 12/14
  6360 | D:5      | Found a shadowy altar of Dithmenos.
  6639 | D:5      | Gained mutation: Your magical capacity is low (-10% MP). [potion of mutation]
  6639 | D:5      | Gained mutation: Your tail ends in a poisonous barb. [potion of mutation]
  6647 | D:5      | Reached skill level 7 in Unarmed Combat
  7041 | D:6      | Noticed Sigmund
  7050 | D:6      | Killed Sigmund
  7050 | D:6      | Reached skill level 5 in Fighting
  7217 | D:6      | Noticed Duvessa
  7222 | D:6      | Noticed Dowan
  7227 | D:6      | Killed Duvessa
  7239 | D:6      | Killed Dowan
  7518 | D:6      | Reached skill level 8 in Unarmed Combat
  7518 | D:6      | Reached skill level 5 in Spellcasting
  7518 | D:6      | Reached skill level 5 in Transmutations
  7644 | D:6      | Reached ** piety under Qazlal
  7662 | D:6      | Reached XP level 9. HP: 47/75 MP: 14/14
  7862 | D:6      | Noticed Menkaure
  7868 | D:6      | Killed Menkaure
  7868 | D:6      | Reached skill level 1 in Ice Magic
  7924 | D:6      | Found a blossoming altar of Fedhas.
  8335 | D:7      | Found a snail-covered altar of Cheibriados.
  8335 | D:7      | Found an ancient bone altar of Kikubaaqudgha.
  8335 | D:7      | Found a sacrificial altar of Ru.
  8405 | D:7      | Found a staircase to the Ecumenical Temple.
  9328 | D:7      | Reached skill level 9 in Unarmed Combat
 10666 | D:8      | Noticed Gastronok
 10677 | D:7      | Reached *** piety under Qazlal
 11554 | D:7      | Killed Gastronok
 11554 | D:7      | Reached skill level 10 in Unarmed Combat
 11554 | D:7      | Reached XP level 10. HP: 44/86 MP: 6/15
 11942 | D:8      | Found Keagal's Weapon Emporium.
 12061 | D:8      | Found a glowing golden altar of the Shining One.
 13047 | D:9      | Found a staircase to the Lair.
 13055 | D:9      | Noticed a death yak
 13396 | D:9      | Reached skill level 5 in Ice Magic
 13876 | D:9      | Reached **** piety under Qazlal
 13876 | D:9      | Reached skill level 1 in Invocations
 14118 | D:9      | Reached skill level 11 in Unarmed Combat
 14226 | D:9      | Reached XP level 11. HP: 95/95 MP: 16/16
 14234 | D:9      | Killed a death yak
 14463 | D:9      | Found a staircase to the Orcish Mines.
 14580 | D:10     | Entered Level 10 of the Dungeon
 14936 | D:10     | Reached ***** piety under Qazlal
 15449 | D:10     | Killed an unseen horror
 16037 | D:10     | Killed an unseen horror
 16299 | Orc:1    | Entered Level 1 of the Orcish Mines
 16627 | Orc:1    | Noticed Erolcha
 16642 | Orc:1    | Killed Erolcha
 16642 | Orc:1    | Reached skill level 12 in Unarmed Combat
 17071 | Orc:2    | Noticed Snorg
 17084 | Orc:2    | Killed Snorg
 17093 | Orc:2    | Noticed Nergalle
 17560 | Orc:1    | Killed Nergalle
 17570 | Orc:1    | Reached skill level 5 in Invocations
 17751 | Orc:2    | Paralysed by an orc sorcerer for 6 turns
 17756 | Orc:2    | Killed from afar by an orc sorcerer

Action                   |  1- 3 |  4- 6 |  7- 9 | 10-12 || total
-------------------------+-------+-------+-------+-------++-------
Melee: Unarmed           |   203 |   204 |   502 |   429 ||  1338
 Cast: Beastly Appendage |     9 |    13 |    34 |    15 ||    71
       Sticks to Snakes  |       |    13 |    28 |    17 ||    58
       Ice Form          |       |       |       |    21 ||    21
Invok: Upheaval          |       |       |       |     8 ||     8
 Abil: Breathe Lightning |       |       |       |     1 ||     1
  Use: Potion            |       |     4 |     6 |     3 ||    13
       Scroll            |       |       |    11 |     3 ||    14
 Stab: Sleeping          |     1 |     2 |       |       ||     3
       Distracted        |       |     1 |       |       ||     1
  Eat: Chunk             |     4 |    10 |    19 |     6 ||    39
       Beef jerky        |       |       |     3 |     1 ||     4
       Pizza             |       |       |     1 |     1 ||     2
       Meat ration       |       |       |       |     2 ||     2
       Fruit             |       |       |       |     7 ||     7
       Royal jelly       |       |       |       |     2 ||     2
